 Dungeon Crawl Stone Soup version 0.31-a0-188-g5e087ee2ca (webtiles) character file.

Game seed: 12334893537966167957

53 qw the Shooter (level 3, -3/20 HPs)
             Began as a Deep Elf Hunter on June 23, 2023.
             Slain by a goblin
             ... wielding a +0 dagger
             ... led by Robin
              (5 damage)
             ... on level 2 of the Dungeon.
             The game lasted 00:00:22 (928 turns).

qw the Shooter (Deep Elf Hunter)                     Turns: 928, Time: 00:00:22

Health: -3/20      AC:  6    Str: 10    XL:     3   Next: 64%
Magic:  5/5        EV: 11    Int: 13    God:
Gold:   89         SH:  0    Dex: 18    Spells: 2/2 levels left

rFire   . . .        Y - +2 shortbow
rCold   . . .        (shield currently unavailable)
rNeg    . . .        a - +0 ring mail
rPois   .            (no helmet)
rElec   .            (no cloak)
rCorr   .            i - +0 pair of gloves
SInv    .            (no boots)
Will    .....        (no amulet)
Stlth   +            (no ring)
HPRegen 0.23/turn    (no ring)
MPRegen 0.09/turn

%: no passive effects
@: no status effects
A: no striking features
a: no special abilities


You were on level 2 of the Dungeon.
You visited 1 branch of the dungeon, and saw 2 of its levels.

You collected 89 gold pieces.


   Skills:
 - Level 1.5 Fighting
 + Level 7.1 Ranged Weapons
 - Level 2.4 Dodging
 - Level 1.2 Stealth


You had 2 spell levels left.
You didn't know any spells.
Your spell library was empty.

Inventory:

Hand Weapons
 Y - a +2 shortbow (weapon)
Armour
 a - a +0 ring mail (worn)
 i - a +0 pair of gloves (worn)
Scrolls
 h - 4 scrolls of identify
Potions
 b - a potion of attraction {unknown}
 c - a potion of heal wounds {unknown}
 f - a potion of curing
 g - 2 potions of haste

Dungeon Overview and Level Annotations

Branches:
Dungeon (2/15)

Altars:

Annotations:
D:2 Robin


Message History

The goblin closely misses you. The goblin hits you but does no damage.
The goblin closely misses you.
You shoot an arrow. The arrow barely misses the goblin.
The arrow hits Robin.
Robin is lightly wounded.
Robin roars a battlecry!
The goblins go into a battle-frenzy!
The goblin hits you with a +0 dagger. The goblin hits you but does no damage.
The goblin barely misses you.
You shoot an arrow. The arrow closely misses the goblin.
The arrow hits Robin!
Robin is heavily wounded.
Robin hits you but does no damage. The goblin hits you but does no damage.
The goblin hits you with a +0 dagger. The goblin hits you with a +0 club.
You shoot an arrow. The arrow completely misses the goblin.
The arrow closely misses Robin.
The goblin closely misses you. The goblin hits you but does no damage.
The goblin barely misses you.
You shoot an arrow. The arrow barely misses the goblin.
The arrow hits Robin but does no damage.
Robin is heavily wounded.
Robin hits you but does no damage. The goblin hits you but does no damage.
The goblin barely misses you.
The goblin hits you but does no damage. x2
The goblin hits you with a +0 club. The goblin hits you with a +0 dagger.
You shoot an arrow. The arrow hits the goblin!
You kill the goblin!
The goblin hits you but does no damage.
You shoot an arrow. The arrow barely misses the goblin.
The arrow barely misses Robin.
The goblin closely misses you. The goblin misses you.
You shoot an arrow. The arrow hits the goblin.
The goblin is heavily wounded.
The hobgoblin misses you. The goblin barely misses you.
The goblin hits you but does no damage.
You shoot an arrow. The arrow hits the goblin!
You kill the goblin!
Robin closely misses you. The goblin completely misses you.
The hobgoblin closely misses you.
You shoot an arrow. The arrow closely misses the hobgoblin.
Robin hits you from afar with a +0 spear.
The goblin hits you with a +0 dagger.
You die...

###### .....#
########## .###.#
#..g@)g.)#
.#...########..##g#.)#
.#.#...........# g# #
.....#########.# .#
.....# #.# .# ##.#.##
#.# .#
#.###.########.. ..
...#........#### .#
.##.........#


You could see Robin, a hobgoblin (strong) and 2 goblins.

Vanquished Creatures
  2 adders (D:2)
  2 dart slugs (D:1)
  7 ball pythons
  2 endoplasms (D:1)
  A giant cockroach (D:1)
  8 goblins
  A hobgoblin (D:1)
  A quokka (D:2)
  2 bats (D:2)
  A frilled lizard (D:2)
  6 rats
33 creatures vanquished.

Notes
Turn   | Place    | Note
-------+----------+-------------------------------------------
     0 | D:1      | qw the Deep Elf Hunter began the quest for the Orb.
     0 | D:1      | Reached XP level 1. HP: 12/12 MP: 3/3
     0 | D:1      | 0 ||| qw: Version: 0.3-a-9-g12657ce
     0 | D:1      | 0 ||| qw: Game counter: 3591
     0 | D:1      | 0 ||| qw: Always use a shield: true
     0 | D:1      | 0 ||| qw: God list: Okawaru
     0 | D:1      | 0 ||| qw: Allow faded altars: false
     0 | D:1      | 0 ||| qw: Do Orc after D:15 true
     0 | D:1      | 0 ||| qw: Do second Lair branch before Depths: true
     0 | D:1      | 0 ||| qw: Lair rune preference: random
     0 | D:1      | 0 ||| qw: Plans: Normal
     0 | D:1      | 0 ||| PLANNING D:1-11
   122 | D:1      | Reached XP level 2. HP: 16/16 MP: 4/4
   132 | D:1      | Reached skill level 6 in Ranged Weapons
   438 | D:1      | 438 ||| UPGRADING to +0 pair of gloves.
   443 | D:1      | 443 ||| READING scroll labelled XUKEEQ POSOY.
   444 | D:1      | 444 ||| READING scroll labelled ZOSOKHLIBUY.
   445 | D:1      | 445 ||| READING 4 scrolls labelled BIUNLE YXTUU.
   446 | D:1      | 446 ||| DRINKING 3 clear potions.
   447 | D:1      | 447 ||| READING 3 scrolls of identify.
   447 | D:1      | 447 ||| IDENTIFYING bubbling blue potion
   448 | D:1      | 448 ||| DROPPING scroll of butterflies.
   596 | D:2      | Reached XP level 3. HP: 20/20 MP: 5/5
   620 | D:2      | 620 ||| READING scroll of enchant weapon.
   620 | D:2      | 620 ||| ENCHANTING +1 shortbow.
   825 | D:2      | 825 ||| Stepping ~*~*~tactically~*~*~ (water).
   829 | D:2      | Reached skill level 7 in Ranged Weapons
   837 | D:2      | 837 ||| UPGRADING to +0 ring mail.
   845 | D:2      | 845 ||| UPGRADING to +0 ring mail.
   855 | D:2      | 855 ||| DROPPING +0 leather armour.
   915 | D:2      | Noticed Robin
   923 | D:2      | HP: 3/20 [goblin/+0 club[Robin] (3)]
   923 | D:2      | HP: 1/20 [goblin/+0 dagger[Robin] (2)]
   928 | D:2      | HP: 2/20 [Robin/+0 spear (1)]
   928 | D:2      | Slain by a goblin

Levels and vault maps discovered:
D:1:      evilmike_arrival_plus, layout_rooms
D:2:      layout_loops_cross, serial_bayou_crossing, uniq_robin

Skill      XL: |  1  2  3 |
---------------+----------+-----
Ranged Weapons | 6 7 |  7.1
Fighting       | |  1.5
Dodging        | |  2.4
Stealth        | |  1.2

Action                     || total
---------------------------++-------
   Fire: Shortbow          ||    76
    Use: Scroll            ||     5
         Potion            ||     1
 Armour: Leather armour    ||     3
         Ring mail         ||    16
  Dodge: Dodged            ||    29

Table legend:
 A = Non-vault XP
 B = Vault XP
 C = Vault XP percentage of total XP
 D = Non-vault monster count
 E = Vault monster count
 F = Vault count percentage of total count
                 A         B        C        D         E       F
            +---------+---------+-------+---------+---------+-------
      Total |      65 |      12 |  15.6 |      26 |       7 |  21.2
            +---------+---------+-------+---------+---------+-------
        D:1 |      28 |       0 |   0.0 |      15 |       0 |   0.0
        D:2 |      37 |      12 |  24.5 |      11 |       7 |  38.9
            +---------+---------+-------+---------+---------+-------
